Map: Frozen Temple

Players

Pokebunny - Winner!

  • Race: Terran Terran
  • League: Grandmaster

CealeR

  • Race: Terran Terran
  • League: Master

VOD

Have the link to the VOD?

Description

Time

  • Played on: April 5, 2016, 3:12 p.m.
  • Length: 5:16
Show
View Real Time Build Order
Export as new Build Order

Pokebunny Terran - Winner!

Build Orders: 1/1/1 

Get SALT Encoding   

  12  0:01  SCV  
  13  0:13  SCV  
  14  0:18  Supply Depot  
  14  0:25  SCV  
  14  0:28  Refinery  
  15  0:39  SCV  
  16  0:45  Barracks  
  16  0:51  SCV  
  17  1:03  SCV  
  18  1:15  SCV  
  19  1:33  Orbital Command, Marine  
  19  1:34  Refinery, Factory  
  19  1:37  Supply Depot  
  20  1:51  Marine  
  21  2:02  SCV  
  22  2:09  Supply Depot  
  22  2:10  Barracks Reactor  
  22  2:16  SCV  
  22  2:18  Starport  
  22  2:21  Hellion  
  24  2:30  SCV  
  25  2:42  Factory Tech Lab, SCV  
  26  2:47  Marine x2  
  28  2:59  Medivac  
  28  3:02  Siege Tank, Supply Depot  
  33  3:07  Marine x2  
  33  3:11  SCV  
  36  3:25  Marine x2  
  38  3:29  Supply Depot  
  38  3:30  SCV  
  39  3:34  Siege Tank  
  42  3:42  Marine  
  42  3:43  Marine  
  42  3:46  Medivac  
  46  3:50  Supply Depot  
  46  4:00  Marine x2  
  48  4:08  Siege Tank  
  51  4:18  Viking, Marine x2  
  51  4:23  Supply Depot  
  55  4:43  Marine x2  
Show
View Real Time Build Order
Export as new Build Order

CealeR Terran 

Build Orders:  

Get SALT Encoding   

  12  0:01  SCV  
  13  0:13  SCV  
  14  0:18  Supply Depot  
  14  0:25  SCV  
  15  0:39  SCV  
  15  0:40  Barracks  
  16  0:45  Refinery  
  16  0:57  Barracks  
  16  1:00  SCV  
  17  1:11  Supply Depot  
  17  1:14  SCV  
  18  1:26  SCV  
  18  1:31  Reaper  
  20  1:40  Orbital Command  
  20  1:48  Reaper  
  21  2:06  SCV  
  21  2:08  Reaper  
  23  2:20  Command Center  
  23  2:25  SCV  
  24  2:34  Barracks Tech Lab  
  24  2:37  Refinery, SCV  
  24  2:39  Barracks  
  25  2:47  Barracks Reactor  
  25  2:49  SCV  
  26  3:01  SCV  
  26  3:02  Marine  
  28  3:06  Engineering Bay  
  28  3:12  Stimpack  
  28  3:13  SCV  
  28  3:17  Supply Depot  
  29  3:25  SCV  
  30  3:31  Marine x2  
  30  3:32  Marine  
  33  3:36  Factory  
  33  3:37  SCV  
  34  3:45  Marine  
  35  3:49  Marine x2  
  35  3:50  Barracks Reactor  
  35  3:53  SCV  
  35  3:55  Orbital Command  
  38  4:02  Marine  
  38  4:05  SCV  
  38  4:07  Marine  
  40  4:17  SCV  
  40  4:20  Starport, Factory Reactor  
  40  4:22  Marine  
  42  4:24  SCV  
  42  4:26  Marine x3  
  42  4:29  SCV  
  47  4:36  SCV  
  48  4:39  Marine x2  
  48  4:43  Marine  
  48  4:44  Marine  
  48  4:45  SCV  
  53  4:49  Marine  
  54  4:57  Marine x2  
Tags
 
Add a new tag
Caveats
  • Supply blocks, unpowered buildings, or Contaminate may cause inaccurate times.
  • Supply counts are checked every 10 seconds.